 Dungeon Crawl Stone Soup version 0.16-a0-4113-g7d8e295 (webtiles) character file.

47896 Minkie the Nimble (level 14, 95/95 HPs)
             Began as a Vampire Enchanter on Feb 28, 2015.
             Was the Champion of Kikubaaqudgha.
             Quit the game on level 7 of the Lair of Beasts on Mar 1, 2015.
             The game lasted 02:24:04 (24906 turns).

Minkie the Nimble (Vampire Enchanter)              Turns: 24906, Time: 02:24:04

Health: 95/95      AC: 11    Str:  7    XL:     14   Next: 10%
Magic:  27/27      EV: 19    Int: 21    God:    Kikubaaqudgha [******]
Gold:   1098       SH:  0    Dex: 14    Spells: 6 memorised, 5 levels left

rFire  . . .     SeeInvis +     a - +4 dagger (elec)
rCold  + + .     Clarity  +     M - +2 robe {Archmagi}
rNeg   + + +     SustAb   .     (no shield)
rPois  +         Gourm    .     (no helmet)
rElec  .         Spirit   .     q - +0 cloak
rCorr  .         Warding  .     B - +2 pair of gloves
rMut   .         Stasis   .     T - +0 pair of boots
MR     +....                    e - amulet of clarity (curse)
Stlth  ++++++....               C - ring of invisibility
                                O - +2 ring of protection

@: regenerating slowly, somewhat resistant to hostile enchantments, very
stealthy
A: bottle blood, fangs 3, see invisible, unbreathing
a: Bat Form, Receive Corpses, Torment, Renounce Religion, Evoke Invisibility


You were on level 7 of the Lair of Beasts.
You worshipped Kikubaaqudgha.
Kikubaaqudgha was exalted by your worship.
You were near bloodless.

You visited 3 branches of the dungeon, and saw 21 of its levels.
You also visited: Labyrinth.

You collected 1560 gold pieces.
You spent 462 gold pieces at shops.

Inventory:

Hand weapons
 a - a +4 dagger of electrocution (weapon)
 w - a +4 blowgun
Missiles
 x - 8 needles of paralysis
 D - 54 poisoned needles
 N - 3 needles of slowing
Armour
 q - a +0 cloak (worn)
 B - a +2 pair of gloves (worn)
 M - a +2 robe of the Archmagi (worn)
 T - a +0 pair of boots (worn)
Jewellery
 e - a cursed amulet of clarity (around neck)
 r - an uncursed ring of protection from cold
 A - an uncursed amulet of resist mutation
 C - a ring of invisibility (right hand)
 O - a +2 ring of protection (left hand)
 P - an uncursed ring of protection from magic
Magical devices
 i - a wand of heal wounds (6)
 s - a wand of slowing (9)
 Y - a wand of slowing (18)
Scrolls
 b - 2 scrolls of identify
 c - a scroll of enchant weapon
 f - 3 scrolls of blinking
 g - 3 scrolls of recharging
 j - 10 scrolls of remove curse
 o - 2 scrolls of teleportation
 H - a scroll of fog
Potions
 d - 9 potions of blood
 k - a potion of beneficial mutation {unknown}
 m - 3 potions of agility
 n - 8 potions of curing
 p - 4 potions of invisibility
 t - 3 potions of restore abilities
 v - 2 potions of cancellation
 z - 2 potions of magic
 E - 2 potions of haste
 I - 4 potions of cure mutation
 J - 3 potions of resistance
 R - 2 potions of heal wounds
Books
 h - a book of Power

   Spells                             Type                      Level
   a - Fulminant Prism                Conjuration/Hexes            4
   b - Iskenderun's Mystic Blast      Conjuration                  4
   c - Venom Bolt                     Conjuration/Poison           5
   d - Bolt of Magma                  Conjuration/Fire/Earth       5
   e - Iron Shot                      Conjuration/Earth            6
   f - Orb of Destruction             Conjuration                  7
   g - Spellforged Servitor           Conjuration/Summoning        7
 y - a book of Enchantments

   Spells                             Type                      Level
   a - Tukima's Dance                 Hexes                        3
   b - Cause Fear                     Hexes                        4
   c - Silence                        Hexes/Air                    5
   d - Deflect Missiles               Charms/Air                   6
   e - Haste                          Charms                       6
   f - Discord                        Hexes                        8
Miscellaneous
 u - a fan of gales


   Skills:
 - Level 4.0 Fighting
 - Level 10.0 Short Blades
 * Level 11.6 Dodging
 - Level 10.0 Stealth
 - Level 6.0 Spellcasting
 + Level 4.7 Conjurations
 - Level 10.8 Hexes
 - Level 10.4 Necromancy
 - Level 2.0 Translocations
 + Level 7.2 Ice Magic
 - Level 3.0 Air Magic
 - Level 2.0 Poison Magic
 - Level 9.5 Evocations


You had 5 spell levels left.
You knew the following spells:

 Your Spells              Type           Power        Failure   Level  Hunger
a - Blink                 Tloc           N/A          8%          2    None
b - Ensorcelled Hibernat  Hex/Ice        ######       1%          2    None
c - Confuse               Hex            ######..     1%          3    ##.....
d - Animate Dead          Necr           N/A          1%          4    ####...
e - Mephitic Cloud        Conj/Pois/Air  ####....     10%         3    ##.....
f - Freezing Cloud        Conj/Ice/Air   #####.....   99%         6    #######


Dungeon Overview and Level Annotations

Branches:
Dungeon (12/15)            Temple (0/1) D:7            Lair (8/8) D:10
 Shoals (0/5) Lair:5        Snake (1/5) Lair:5        Slime (0/6) Lair:6
    Orc (0/4) D:10

Altars:
Ashenzari
Fedhas
Gozag
Kikubaaqudgha
Nemelex Xobeh
Qazlal
Ru
Trog
Vehumet
Zin
Beogh
Jiyva

Shops:
D:5 =%=

Portals:
Ice
Cave: Snake:1

Annotations:
Snake:1 exclusion: 2 ice statues


Innate Abilities, Weirdness & Mutations

You heal slowly.
You can bottle blood from corpses.
You have razor-sharp teeth.
You have supernaturally acute eyesight.
You can survive without breathing.


Message History

(? for menu, Esc to cancel) < or
O - a +2 ring of protection; > or
C - a ring of invisibility You remove your +2 ring of protection.
l - a +1 ring of evasion (left hand) Put on which piece of jewellery? (? for menu, Esc to quit)
You're wearing all the rings you can.
Remove which one? (? for menu, Esc to cancel) < or
l - a +1 ring of evasion; > or
C - a ring of invisibility You remove your +1 ring of evasion.
O - a +2 ring of protection (left hand) Drop what? 41/52 slots (_ for help) (? for menu, Esc to quit)
You drop a +1 ring of evasion.
Done exploring.
Are you sure you want to abandon this character and quit the game? (Confirm with "yes".)
Okay, then.
Saving game... please wait.
Welcome back, Minkie the Vampire Enchanter.
Kikubaaqudgha says: Spread unending torment and darkness!
Press ? for a list of commands and other information.
Are you sure you want to abandon this character and quit the game? (Confirm with "yes".)

..PPP.#.##..............##.......
...PPP.#######.........#.........
.......#.## ##........####.......
##........###.........##.........
#P...................####.#P....#
...####P....#...PPPPP# ###....#..
#P..# ##.####..##PPP## #.......##
##.####### ###.#P.P.# ##..PP...P
##'..#..# ####@>PP.# #........
P.......# ###....P...# #........
........###.#...P...P# ##........
+......P....+.......####..<......
#......PP...........#............
................<...+...#........
#........#.##.......#.#..#.......
.......######........#####.......
#...+..## #.#+.#.### #........


There were no monsters in sight!

Vanquished Creatures
  A minotaur (Lab)
  9 hydras
  A centaur warrior (D:11)
  Erica (Lair:4)
  3 death yaks (Lair:8)
  A shock serpent (Snake:1)
  The ghost of chequers the Nimble, an experienced OpBe of Trog (D:10)
  2 hill giants (D:11)
  The ghost of miek the Spear-Bearer, an experienced MfFi of Nemelex Xobeh (D:5)
  An ugly thing (D:11)
  2 griffons
  5 elephants
  4 black mambas
  10 spiny frogs
  A torpor snail (Lair:3)
  7 komodo dragons
  A wandering mushroom (Lab)
  A freezing wraith (D:10)
  Prince Ribbit (D:9)
  2 trolls
  A two-headed ogre (D:8)
  4 polar bears
  14 blink frogs
  4 basilisks
  34 yaks
  A wyvern (D:10)
  Eustachio (D:8)
  7 hippogriffs
  11 wolves
  A human (D:8)
  4 hungry ghosts
  A steam dragon (D:8)
  13 water moccasins
  3 nagas (Lair:5)
  11 porcupines
  2 sky beasts
  2 phantoms
  2 black bears
  11 ice beasts
  6 orc warriors
  A wasp (D:10)
  6 ogres
  6 centaurs
  A big kobold (D:8)
  A boring beetle (Lair:7)
  13 crocodiles
  A wyvern zombie (D:10)
  Blork the orc (D:9)
  14 giant frogs
  A water moccasin zombie (D:9)
  A wyvern skeleton (D:10)
  4 scorpions
  4 killer bees (D:9)
  5 wights (D:10)
  An electric eel (Lair:8)
  A goliath beetle (D:7)
  2 crimson imps
  A jelly (D:11)
  8 orc priests
  8 iguanas
  10 hounds
  8 worker ants
  Natasha (thrice) (D:5)
  17 orc wizards
  A gnoll shaman (D:7)
  A killer bee zombie (D:9)
  4 sheep (D:8)
  A hound skeleton (D:10)
  2 mummies
  2 worker ant zombies
  10 gnolls
  33 adders
  8 river rats
  A white imp (Lair:1)
  3 shadow imps
  5 giant mites
  3 worms
  An adder skeleton (D:5)
  2 adder zombies
  6 giant geckos
  2 oozes
  41 orcs
  2 ball pythons
  16 bats
  2 bat skeletons
  11 goblins
  19 hobgoblins
  9 jackals
  18 kobolds
  9 quokkas
  7 giant cockroaches
  6 giant newts
  2 giant spores
  A jackal skeleton (D:7)
  3 quokka skeletons
  12 rats
  A river rat zombie (Lair:5)
  2 ballistomycetes (D:7)
  2 fungi
  2 plants (Lair:8)
556 creatures vanquished.

Vanquished Creatures (collateral kills)
  A deep troll shaman (Lair:8)
  A catoblepas (Lair:8)
  An ice statue (Lair:1)
  A black mamba (Lair:7)
  A spiny frog (Lair:8)
  6 blink frogs
  9 yaks
  A hippogriff (Lair:8)
  A water moccasin (Lair:8)
  3 wolves
  An orc warrior (D:11)
  3 ice beasts (Lair:1)
  A black bear (Lair:8)
  An electric eel (Lair:8)
  A sheep (Lair:3)
  3 adders
  A white imp (Lair:1)
  2 quokkas
  A butterfly (Lair:6)
  4 plants
43 creatures vanquished.

Vanquished Creatures (others)
  A hydra zombie (Lair:8)
  A hill giant zombie (D:11)
  A spiny frog zombie (Lair:8)
  A blink frog zombie (Lair:8)
  An elf skeleton (Lair:8)
  A water moccasin zombie (Lair:1)
  A polar bear zombie (Lair:1)
  4 yak zombies
  2 wolf zombies (Lair:8)
  2 black bear zombies (Lair:8)
  An orc wizard (D:7)
  A worker ant (D:7)
  A hound zombie (Lair:3)
  An adder (Lair:1)
  A scorpion zombie (Lair:1)
  2 adder zombies
  5 orcs (D:12)
  3 orc zombies (D:11)
  A plant (Lair:8)
31 creatures vanquished.

Grand Total: 630 creatures vanquished

Notes
Turn   | Place    | Note
--------------------------------------------------------------
     0 | D:1      | Minkie, the Vampire Enchanter, began the quest for the Orb.
     0 | D:1      | Reached XP level 1. HP: 13/13 MP: 3/3
   367 | D:1      | Reached XP level 2. HP: 16/19 MP: 4/4
   371 | D:1      | Learned a level 2 spell: Ensorcelled Hibernation
  1101 | D:1      | Reached skill level 5 in Stealth
  1101 | D:1      | Reached XP level 3. HP: 22/24 MP: 6/6
  1127 | D:1      | Reached skill level 1 in Ice Magic
  1144 | D:1      | Reached skill level 5 in Hexes
  1931 | D:2      | Reached XP level 4. HP: 22/30 MP: 0/7
  2528 | D:2      | Found an opulent altar of Gozag.
  2529 | D:2      | Found a glowing silver altar of Zin.
  2813 | D:3      | Learned a level 3 spell: Confuse
  2908 | D:3      | Reached XP level 5. HP: 35/35 MP: 3/9
  3292 | D:3      | Found a blossoming altar of Fedhas.
  3426 | D:3      | Reached skill level 6 in Stealth
  3555 | D:4      | Noticed an ogre
  3561 | D:4      | Killed an ogre
  3561 | D:4      | Reached XP level 6. HP: 41/41 MP: 3/10
  4177 | D:4      | Found a shattered altar of Ashenzari.
  4401 | D:5      | Entered Level 5 of the Dungeon
  4446 | D:5      | Found Huadwua's Jewellery Shoppe.
  4452 | D:5      | Bought a +1 ring of protection for 42 gold pieces
  4637 | D:5      | Noticed Natasha
  4640 | D:5      | Noticed miek's ghost (experienced MfFi)
  4692 | D:5      | Reached skill level 7 in Stealth
  4862 | D:5      | Killed Natasha
  4872 | D:5      | Reached XP level 7. HP: 39/46 MP: 7/12
  4873 | D:5      | Found Ohyngam's Jewellery Shoppe.
  5069 | D:5      | Noticed Natasha
  5073 | D:5      | Killed Natasha
  5121 | D:5      | Found Ebruhang's Food Emporium.
  5164 | D:5      | Noticed Natasha
  5173 | D:5      | Killed Natasha
  5239 | D:5      | Killed miek's ghost
  5239 | D:5      | Reached skill level 5 in Short Blades
  5239 | D:5      | Reached skill level 8 in Stealth
  5239 | D:5      | Reached XP level 8. HP: 52/52 MP: 8/13
  5581 | D:6      | Found a sparkling altar of Nemelex Xobeh.
  5581 | D:6      | Found an ancient bone altar of Kikubaaqudgha.
  5584 | D:6      | Found a sacrificial altar of Ru.
  5591 | D:6      | Found a radiant altar of Vehumet.
  5594 | D:6      | Became a worshipper of Kikubaaqudgha
  5737 | D:6      | Reached skill level 9 in Stealth
  6541 | D:7      | Reached skill level 5 in Dodging
  6787 | D:7      | Reached skill level 10 in Stealth
  6791 | D:7      | Acquired Kikubaaqudgha's first power
  6791 | D:7      | Received a gift from Kikubaaqudgha
  6792 | D:7      | Identified Kikubaaqudgha's Disquisition on Unholy Rites (Kikubaaqudgha gifted it to you on level 7 of the Dungeon)
  6905 | D:7      | Reached skill level 1 in Necromancy
  6905 | D:7      | Reached XP level 9. HP: 46/57 MP: 14/14
  7741 | D:7      | Reached skill level 10 in Hexes
  8119 | D:7      | Found a staircase to the Ecumenical Temple.
  8267 | D:5      | Bought an uncursed ring of invisibility for 420 gold pieces
  8319 | D:8      | Noticed Eustachio
  8333 | D:8      | Killed Eustachio
  8333 | D:8      | Reached skill level 1 in Evocations
  9051 | D:8      | Acquired Kikubaaqudgha's second power
  9277 | D:8      | Reached skill level 5 in Necromancy
  9277 | D:8      | Reached XP level 10. HP: 48/63 MP: 13/16
  9779 | D:9      | Found a stormy altar of Qazlal.
  9779 | D:9      | Noticed Blork the orc
  9806 | D:9      | Killed Blork the orc
  9899 | D:9      | Found a bloodstained altar of Trog.
  9911 | D:9      | Noticed Prince Ribbit
  9915 | D:9      | Killed Prince Ribbit
 10240 | D:9      | Reached skill level 5 in Evocations
 10697 | D:9      | Received a gift from Kikubaaqudgha
 10704 | D:9      | Identified Kikubaaqudgha's Guide on Evil Rituals (Kikubaaqudgha gifted it to you on level 9 of the Dungeon)
 11072 | D:10     | Entered Level 10 of the Dungeon
 11303 | D:10     | Found a staircase to the Lair.
 11362 | D:10     | Noticed chequers' ghost (experienced OpBe)
 11371 | D:10     | Killed chequers' ghost
 11371 | D:10     | Reached skill level 10 in Short Blades
 11475 | D:10     | Reached XP level 11. HP: 68/68 MP: 15/20
 11893 | D:10     | Found a staircase to the Orcish Mines.
 11905 | D:10     | Found a roughly hewn altar of Beogh.
 12349 | D:11     | Noticed a hill giant
 12355 | D:11     | Killed a hill giant
 12362 | D:11     | Learned a level 4 spell: Animate Dead
 12499 | D:11     | Noticed a hill giant
 12505 | D:11     | Killed a hill giant
 12647 | D:11     | Noticed a five-headed hydra
 12660 | D:11     | Killed a five-headed hydra
 12721 | D:11     | Acquired Kikubaaqudgha's third power
 13208 | D:11     | Noticed a centaur warrior
 13219 | D:11     | Killed a centaur warrior
 13679 | Lair:1   | Entered Level 1 of the Lair of Beasts
 13876 | Lair:1   | Reached skill level 5 in Spellcasting
 13941 | Lair:1   | Noticed an ice statue
 14536 | Lair:1   | Got a shimmering robe
 14598 | D:10     | Identified the +1 robe "Phosifel" {rPois rF+ Dex-2} (You found it on level 1 of the Lair of Beasts)
 14611 | D:10     | Identified a +4 rod of destruction (11/11) (You found it on level 1 of the Lair of Beasts)
 15376 | Lair:1   | Reached skill level 10 in Necromancy
 15492 | Lair:1   | Killed an ice statue
 15492 | Lair:1   | Reached XP level 12. HP: 62/74 MP: 25/25
 16127 | Lair:2   | Noticed a six-headed hydra
 16145 | Lair:2   | Killed a six-headed hydra
 17319 | Lair:3   | Found an ancient bone altar of Kikubaaqudgha.
 17505 | Lair:3   | Learned a level 2 spell: Blink
 17509 | Lair:3   | Learned a level 3 spell: Mephitic Cloud
 17516 | Lair:3   | Learned a level 6 spell: Freezing Cloud
 17552 | Lair:3   | Noticed a four-headed hydra
 17558 | Lair:3   | Killed a four-headed hydra
 17603 | Lair:3   | Reached skill level 1 in Conjurations
 17615 | Lair:3   | Reached skill level 1 in Poison Magic
 17632 | Lair:3   | Reached skill level 1 in Air Magic
 17757 | Lair:3   | Reached skill level 1 in Translocations
 17792 | Lair:3   | Acquired Kikubaaqudgha's fourth power
 18449 | Lair:4   | Noticed Erica
 18474 | Lair:4   | Killed Erica
 19073 | Lair:4   | Reached XP level 13. HP: 75/79 MP: 23/26
 19237 | Lair:5   | Found a staircase to the Snake Pit.
 19388 | Lair:5   | Reached skill level 1 in Fighting
 19649 | Lair:5   | Found a staircase to the Shoals.
 20327 | Snake:1  | Entered Level 1 of the Snake Pit
 20332 | Snake:1  | Reached skill level 5 in Ice Magic
 20340 | Snake:1  | Found a frozen archway.
 21015 | Lair:6   | Reached skill level 10 in Dodging
 21028 | Lair:6   | Found a staircase to the Slime Pits.
 21028 | Lair:6   | Found a viscous altar of Jiyva.
 21206 | Lair:6   | Found an opulent altar of Gozag.
 21915 | Lair:7   | Found a labyrinth entrance.
 21948 | Lab      | Entered a labyrinth
 22549 | Lab      | Identified Klamne's Disquisition on the Assistive Traveller
 23504 | Lair:8   | Entered Level 8 of the Lair of Beasts
 24169 | Lair:8   | Reached skill level 11 in Dodging
 24599 | Lair:8   | Reached XP level 14. HP: 72/95 MP: 27/27
 24906 | Lair:7   | Quit the game

Action                   |  1- 3 |  4- 6 |  7- 9 | 10-12 | 13-15 || total
-------------------------+-------+-------+-------+-------+-------++-------
Melee: Dagger            |   111 |    96 |   199 |   541 |   257 ||  1204
       Unarmed           |       |       |       |     1 |       ||     1
 Fire: Blowgun           |       |       |       |     4 |       ||     4
Throw: Stone             |       |       |       |     3 |       ||     3
 Cast: Ensorcelled Hiber |    25 |    35 |    64 |   135 |   113 ||   372
       Confuse           |       |     1 |    33 |    71 |    13 ||   118
       Animate Dead      |       |       |       |    22 |    13 ||    35
       Mephitic Cloud    |       |       |       |       |     5 ||     5
Invok: Receive Corpses   |       |       |       |     1 |       ||     1
 Abil: End Transformatio |       |       |       |     4 |       ||     4
       Bat Form          |       |       |       |     4 |       ||     4
       Evoke Invisibilit |       |       |       |       |     2 ||     2
Evoke: Rod               |       |       |       |     4 |       ||     4
  Use: Scroll            |       |     5 |       |    22 |     6 ||    33
       Potion            |       |       |     3 |     6 |       ||     9
 Stab: Sleeping          |    28 |    42 |    58 |   120 |    79 ||   327
       Confused          |       |       |    11 |    29 |    10 ||    50
       Distracted        |       |       |     2 |     3 |     5 ||    10
       Fleeing           |       |       |       |     1 |       ||     1
       Invisible         |       |       |       |       |    11 ||    11
       Petrified         |       |       |       |       |     1 ||     1
  Eat: Corpse            |       |       |       |     2 |       ||     2
